Map: Acropolis LE

Players

Woah - Winner!

  • Race: Terran Terran
  • Spawn Location: 11:00

VVitalya

  • Race: Terran Terran
  • League: Gold
  • Spawn Location: 5:00

VOD

Have the link to the VOD?

Description

Time

  • Played on: June 11, 2019, 6:18 p.m.
  • Length: 17:24
Show
View Real Time Build Order
Export as new Build Order

Woah Terran - Winner!

Build Orders:  

Get SALT Encoding   

  12  0:01  SCV  
  13  0:13  SCV  
  14  0:17  Supply Depot  
  14  0:25  SCV  
  15  0:30  Refinery  
  15  0:40  Barracks  
  15  0:44  SCV  
  16  0:55  Refinery  
  16  0:57  SCV  
  17  1:09  SCV  
  19  1:27  Orbital Command  
  19  1:32  Factory  
  18  1:40  Reaper  
  19  1:52  Supply Depot  
  19  2:05  SCV  
  20  2:12  Reaper  
  21  2:17  SCV  
  22  2:30  Command Center  
  22  2:47  SCV  
  22  2:49  Factory Tech Lab  
  22  2:50  Barracks Reactor  
  22  2:55  Starport  
  21  3:10  Bunker  
  21  3:14  Bunker  
  21  3:28  Siege Tank  
  20  4:05  Command Center  
  20  4:13  Command Center  
  20  4:20  Marine x2  
  22  4:26  SCV  
  23  4:36  Viking  
  25  4:50  SCV  
  26  4:53  Siege Tank  
  26  4:54  Marine  
  26  4:57  Supply Depot  
  30  5:11  SCV  
  31  5:18  Starport Reactor, Orbital Command  
  31  5:24  Marine x2  
  31  5:26  Orbital Command  
  33  5:37  Orbital Command  
  33  6:05  SCV x2  
  29  6:17  SCV x2  
  29  6:18  Orbital Command  
  29  6:19  Siege Tank  
  29  6:24  Factory  
  29  6:25  Barracks x2  
  32  6:29  SCV  
  33  6:34  Marine x2  
  35  6:41  Orbital Command  
  35  6:43  SCV x2  
  37  6:55  Siege Tank  
  40  7:02  Marine  
  41  7:23  Barracks Reactor, Factory Tech Lab  
  41  7:24  Barracks Tech Lab  
  41  7:26  SCV  
  41  7:28  SCV  
  37  7:54  Orbital Command  
  37  7:57  Siege Tank  
  35  8:14  Siege Tank  
  35  8:18  Stimpack  
  38  8:20  Marine x3  
  38  8:21  Marine x2  
  43  8:28  Refinery  
  43  8:34  Engineering Bay  
  43  8:35  Engineering Bay  
  43  8:37  Barracks  
  43  8:38  Marine x3  
  43  8:39  Marine x2  
  48  8:56  Marine x2  
  50  9:05  SCV  
  50  9:06  SCV x2  
  53  9:14  Terran Infantry Weapons Level 1  
  53  9:17  Terran Infantry Armor Level 1  
  53  9:18  SCV x3  
  56  9:30  SCV x3  
  59  9:31  Refinery  
  59  9:32  Barracks Reactor  
  59  9:34  Barracks  
  59  9:35  Marine x2  
  59  9:36  Marine  
  62  9:47  Viking x2  
  66  9:54  Missile Turret  
  66  9:57  Missile Turret  
  66  10:02  Orbital Command  
  66  10:03  Siege Tank  
  69  10:22  Supply Depot  
  69  10:24  Supply Depot  
  69  10:33  Marine x4  
  69  10:34  SCV x2, Siege Tank, Marine x2  
  80  10:36  Armory  
  80  10:39  Barracks  
  80  10:45  Viking  
  80  10:46  SCV x2  
  80  10:49  SCV  
  85  11:07  Missile Turret  
  85  11:09  Missile Turret  
  85  11:10  Missile Turret  
  85  11:14  Missile Turret x2  
  85  11:21  Missile Turret  
  85  11:25  Viking  
  87  11:28  Barracks Reactor  
  87  11:30  Barracks Reactor  
  87  11:53  Cyclone x2  
  93  12:00  Sensor Tower  
  97  12:36  Siege Tank  
  100  12:39  Siege Tank  
  99  13:00  SCV  
  99  13:01  SCV  
  99  13:03  SCV  
  99  13:05  Missile Turret  
  88  13:11  Marine x8  
  88  13:12  Marine x3  
  90  13:25  Missile Turret  
  90  13:29  Marine x11  
  90  13:33  Supply Depot  
  101  13:35  Missile Turret, Supply Depot  
  101  13:36  Supply Depot  
  101  13:46  Refinery  
  101  13:47  Refinery  
  101  13:54  Marine x2  
  103  13:55  Command Center  
  79  14:38  Marine x7  
  77  14:41  Missile Turret x2  
  77  14:45  Sensor Tower  
  83  14:52  Missile Turret  
  83  14:53  SCV x2  
  83  14:54  SCV  
  83  14:55  Missile Turret  
  83  14:56  Marine x4  
  83  14:57  Marine x2  
  92  15:04  Marine x2  
  92  15:05  Viking x2, SCV  
  92  15:06  SCV x2  
  101  15:15  Starport  
  101  15:20  Starport  
  95  15:49  Missile Turret  
  95  15:52  Missile Turret  
  95  15:54  Sensor Tower  
  95  16:00  Marine x2  
  95  16:01  Marine x9  
  106  16:05  SCV  
  106  16:06  SCV  
  106  16:07  SCV  
  106  16:08  SCV  
  110  16:17  SCV  
  110  16:18  SCV, Marine  
  113  16:19  SCV  
  114  16:49  Viking x2  
Show
View Real Time Build Order
Export as new Build Order

VVitalya Terran 

Build Orders:  

Get SALT Encoding   

  12  0:01  SCV  
  13  0:13  SCV  
  14  0:18  Supply Depot  
  14  0:25  SCV  
  15  0:40  SCV  
  15  0:42  Barracks  
  16  0:51  Supply Depot  
  16  0:59  Barracks  
  16  1:01  SCV  
  17  1:13  Barracks  
  17  1:16  SCV  
  18  1:30  Barracks  
  18  1:31  Marine  
  19  1:46  Marine  
  21  1:51  Marine  
  21  1:54  Orbital Command  
  21  2:02  Marine  
  21  2:04  Marine  
  23  2:09  Supply Depot, Marine  
  24  2:18  Marine  
  24  2:20  Marine  
  24  2:22  Marine  
  27  2:27  Marine  
  28  2:36  Marine  
  29  2:38  Marine  
  29  2:40  Marine  
  30  2:49  Marine  
  31  2:54  Marine, Refinery  
  31  2:55  SCV  
  31  2:56  Marine  
  31  2:58  Marine  
  35  3:07  Marine  
  35  3:11  Marine  
  37  3:13  Marine  
  37  3:16  Marine  
  39  3:32  Marine x2  
  36  4:10  Barracks Tech Lab x2  
  36  4:20  Barracks Reactor  
  36  4:24  Command Center  
  36  4:28  Barracks Tech Lab  
  36  4:46  Factory  
  36  4:50  Marauder  
  38  4:54  Refinery  
  38  4:56  Marauder  
  38  4:57  Marauder  
  38  4:58  Marine x2  
  44  5:03  SCV, Supply Depot  
  45  5:15  SCV  
  45  5:16  Marine  
  47  5:24  Marine  
  48  5:30  Marauder, Engineering Bay  
  48  5:31  Marauder  
  52  5:36  SCV x2  
  52  5:41  Refinery  
  54  5:43  Marauder  
  54  5:46  Stimpack  
  54  5:48  SCV  
  50  6:22  Orbital Command  
  50  6:24  SCV  
  51  6:26  Marauder x2  
  51  6:27  Marauder  
  51  6:28  Marine x2  
  59  6:33  Combat Shield  
  59  6:36  SCV  
  60  6:48  SCV  
  60  6:49  Marine x2  
  60  6:50  Marine  
  66  6:54  Marauder x2  
  47  7:54  Marine x5  
  47  8:11  Marine x2  
  47  8:12  Marine x2  
  51  8:13  Marauder  
  53  8:20  Factory  
  53  8:22  Ghost Academy  
  53  8:26  Concussive Shells  
  53  8:27  Terran Infantry Weapons Level 1  
  53  8:30  Marauder x2  
  53  8:33  SCV x2, Engineering Bay  
  59  8:40  Marauder, Marine x2  
  63  8:45  SCV x2  
  65  8:51  Marauder x2  
  69  8:57  SCV  
  69  8:59  Terran Infantry Armor Level 1  
  69  9:00  SCV  
  70  9:06  Marine  
  70  9:20  Supply Depot x2  
  70  9:24  Marine x2  
  70  9:25  SCV, Marauder x2  
  77  9:33  Nuke  
  77  9:35  Starport  
  77  9:42  Marauder, SCV x2  
  77  9:45  Marine x2  
  83  9:46  Marauder x2  
  87  9:54  SCV x2  
  89  10:01  Refinery  
  89  10:03  Marauder  
  89  10:06  SCV x2, Marine x2  
  94  10:27  Ghost  
  96  10:30  Supply Depot  
  96  10:34  Banshee  
  99  10:39  Ghost  
  99  10:41  Barracks Tech Lab  
  100  11:11  Personal Cloaking  
  100  11:13  Marauder x2  
  100  11:14  Marine x2  
  100  11:15  Marauder  
  108  11:27  Supply Depot x3  
  108  11:46  Cloaking Field  
  108  11:48  Banshee  
  111  12:17  Marauder x3, Marine x2  
  119  12:31  Banshee  
  95  13:39  Marauder x3, Marine x2  
  103  13:51  Starport x2  
  103  13:57  Marine x2  
  103  14:00  Marauder, Marine  
  54  14:38  Marauder x3  
  51  14:39  Marine x2  
  51  14:41  Nuke  
  53  14:46  Starport Tech Lab  
  53  14:49  Fusion Core  
  53  14:50  Starport Tech Lab  
  53  14:57  Marine x2  
  53  14:59  Marauder x3  
  61  15:06  Raven  
  63  15:12  Supply Depot  
  63  15:14  Marine x2  
  63  15:16  Supply Depot  
  63  15:18  Supply Depot  
  63  15:19  Supply Depot  
  63  15:20  Marauder  
  63  15:21  Marauder x2  
  71  15:22  Supply Depot  
  71  15:32  Marine x2  
  73  15:37  Battlecruiser  
  73  15:40  Battlecruiser  
  73  15:42  Marauder x3  
  89  15:49  Medivac  
  91  15:50  Marine x2  
  93  16:03  Marauder x2, Marine  
  98  16:21  Ghost  
Tags
 
League
Gold
Matchup
TvT
Race
Terran
Replay Pack
r1
Spawn Locations
Cross Positions
Add a new tag
Caveats
  • Supply blocks, unpowered buildings, or Contaminate may cause inaccurate times.
  • Supply counts are checked every 10 seconds.